 Dungeon Crawl Stone Soup version 0.18.1-47-g9310371 (webtiles) character file.

7745 LORDOFBUTT the Cleaver (level 11, 0/118 HPs)
             Began as a Minotaur Fighter on June 14, 2016.
             Was a High Priest of Okawaru.
             Slain by a crocodile (5 damage)
             ... on level 9 of the Dungeon.
             The game lasted 00:15:56 (7473 turns).

LORDOFBUTT the Cleaver (Minotaur Fighter)           Turns: 7473, Time: 00:15:56

Health: 0/118      AC: 25    Str: 21    XL:     11   Next: 0%
Magic:  9/11       EV:  2    Int: 12    God:    Okawaru [*****.]
Gold:   506        SH:  0    Dex: 13    Spells: 0 memorised, 10 levels left

rFire  . . .     SeeInvis .     o - +2 battleaxe
rCold  . . .     Gourm    .     (armour currently unavailable)
rNeg   + + +     Faith    .     (shield currently unavailable)
rPois  +         Spirit   .     (helmet unavailable)
rElec  .         Dismiss  .     (cloak currently unavailable)
rCorr  .         Reflect  .     (gloves currently unavailable)
SustAt +         Harm     .     (boots currently unavailable)
MR     .....     NoTele   +     (no amulet)
Stlth  +++++.....               E - ring of poison resistance
                                m - ring of sustain attributes

@: brilliant, tree-form, heroism, not resistant to hostile enchantments, quite
stealthy
A: (retaliatory headbutt), (horns 0), blurry vision 1, clever 1, frail 2, low mp
1, wild magic 1
a: Heroism, Finesse, Renounce Religion


You were on level 9 of the Dungeon.
You worshipped Okawaru.
Okawaru was extremely pleased with you.
You were not hungry.
You were a tree.
You visited 2 branches of the dungeon, and saw 10 of its levels.

You collected 506 gold pieces.

Inventory:

Hand Weapons
 o - a +2 battleaxe (weapon)
Armour
 b - a +0 scale mail (melded)
 d - a +0 hat
 q - a +0 pair of boots (melded)
 v - a +0 cloak (melded)
 y - a +0 pair of gloves (melded)
Jewellery
 a - the ring of Bedetiod {Ice +Inv}
   (You found it on level 7 of the Dungeon)

   [ring of ice]

   It enhances your ice magic, and weakens your fire magic.
   It makes you vulnerable to fire.
   It protects you from cold.
   It lets you turn invisible.
 e - an uncursed ring of magical power
 m - a ring of sustain attributes (left branch)
 A - an uncursed amulet of magic regeneration
 E - a ring of poison resistance (right branch)
Wands
 w - a wand of enslavement (11/24)
 z - a wand of random effects (12/48)
 C - a wand of digging (7/24)
 I - a wand of disintegration (15/24)
Scrolls
 c - a scroll of noise {unknown}
 i - 3 scrolls of immolation {unknown}
 k - 2 scrolls of magic mapping {unknown}
 n - 5 scrolls of teleportation
 p - a scroll of identify
 s - a scroll of amnesia {unknown}
 x - 4 scrolls of remove curse {unknown}
 B - 3 scrolls of enchant weapon {unknown}
 D - a scroll of enchant armour {unknown}
 F - a scroll of vulnerability {unknown}
Potions
 l - 2 potions of curing
 t - 3 potions of lignification
 u - a potion of flight
Comestibles
 f - 4 bread rations
 g - 8 fruits
 h - 2 meat rations
 r - 10 royal jellies


   Skills:
 + Level 10.1(15.1) Fighting
 + Level 11.0(16.0) Axes
 + Level 10.0(15.0) Armour
 + Level 8.1(13.1) Dodging
 + Level 1.5(6.5) Stealth
   Level 4.4(9.4) Shields
 * Level 4.1 Invocations
 + Level 0.6 Evocations


You had 10 spell levels left.
You didn't know any spells.

Dungeon Overview and Level Annotations

Branches:
Dungeon (9/15)             Temple (1/1) D:5
   Lair: D:8-11         Orc: D:9-12

Altars:
Ashenzari
Cheibriados
Dithmenos
Elyvilon
Fedhas
Gozag
Kikubaaqudgha
Makhleb
Nemelex Xobeh
Okawaru
Pakellas
Ru
Sif Muna
Trog
Vehumet
Xom
Yredelemnul
Zin
The Shining One

Shops:
D:4 %   D:8 [


Innate Abilities, Weirdness & Mutations

((You reflexively headbutt those who attack you in melee.))
((You have a pair of large horns on your head.))
Scrolls take you a little longer to read.
Your mind is acute. (Int +2)
You are very frail (-20% HP).
Your magical capacity is low (-10% MP).
Your spells are a little harder to cast, but a little more powerful.


Message History

Okawaru accepts your kill.
The porcupine bites you but does no damage.
You closely miss the porcupine.
The porcupine bites you but does no damage.
You slash the porcupine!
The porcupine is almost dead.
The porcupine bites you but does no damage.
You slice the porcupine like a ripe choko!!!
You kill the porcupine!
Okawaru accepts your kill.
You can now speed up your combat.
Your base Armour skill increases to level 10!
You have reached level 11!
Drink which item? (? for menu, Esc to quit)
Okay, then.
Read which item? (? for menu, Esc to quit)
You cannot teleport because you are held in place by your roots.
You slice the crocodile!!
The crocodile is almost dead.
The crocodile bites you.
You die...

...................
.#####..#########.
#...#..# #...#..#
#...'..#
...###+#..#
..........# .
..........#####...P
###........♣trrY...
#....#######l....
#.... ... #.... .
#.!.. #.... #..


You could see a yak, a basilisk, a crocodile and 2 river rats.

Vanquished Creatures
  Erica (D:9)
  Duvessa (D:4)
  2 trolls (D:9)
  Grinder (D:4)
  8 yaks (D:9)
  A hippogriff (D:7)
  A hungry ghost (D:4)
  Edmund (D:4)
  2 soldier ants (D:8)
  2 orc warriors
  3 porcupines (D:9)
  3 ice beasts
  6 sky beasts
  3 ogres
  A wasp (D:8)
  2 black bears (D:8)
  3 phantoms
  2 centaurs
  5 scorpions (D:6)
  12 wights
  A howler monkey (D:8)
  6 crimson imps
  A quasit (D:7)
  2 hounds
  9 orc priests
  Crazy Yiuf (D:5)
  A jelly (D:7)
  4 iguanas
  A giant frog skeleton (D:6)
  Natasha (D:4)
  11 orc wizards
  6 worker ants
  A worker ant zombie (D:5)
  7 adders
  2 shadow imps
  2 oozes
  3 worms
  2 dart slugs
  5 giant geckos
  32 orcs
  7 giant cockroaches
  6 goblins
  5 hobgoblins
  9 kobolds
  8 quokkas
  A ball python (D:4)
  11 bats
  5 giant gecko skeletons
  A giant gecko zombie (D:5)
  4 giant newts
  9 rats
  2 fungi
226 creatures vanquished.

Vanquished Creatures (collateral kills)
  Menkaure (D:4)
  Dowan (D:4)
  Natasha (D:4)
3 creatures vanquished.

Vanquished Creatures (others)
  A bush (D:9)
  11 fungi (D:6)
  2 plants (D:9)
14 creatures vanquished.

Grand Total: 243 creatures vanquished

Notes
Turn   | Place    | Note
--------------------------------------------------------------
     0 | D:1      | LORDOFBUTT the Minotaur Fighter began the quest for the Orb.
     0 | D:1      | Reached XP level 1. HP: 19/19 MP: 0/0
   116 | D:1      | Reached XP level 2. HP: 27/27 MP: 1/1
   503 | D:2      | Reached XP level 3. HP: 25/33 MP: 2/2
   732 | D:2      | Found a white marble altar of Elyvilon.
   909 | D:2      | Found a basalt altar of Yredelemnul.
   909 | D:2      | Found a burning altar of Makhleb.
  1010 | D:3      | Found a shattered altar of Ashenzari.
  1122 | D:3      | Found a shadowy altar of Dithmenos.
  1126 | D:3      | Reached skill level 1 in Dodging
  1153 | D:3      | Reached XP level 4. HP: 34/40 MP: 3/3
  1214 | D:3      | Reached skill level 3 in Axes
  1567 | D:4      | Noticed Menkaure
  1567 | D:4      | Noticed Duvessa
  1570 | D:4      | Noticed Dowan
  1575 | D:4      | Killed Dowan
  1577 | D:4      | Killed Menkaure
  1577 | D:4      | Reached skill level 4 in Axes
  1577 | D:4      | Reached skill level 5 in Armour
  1577 | D:4      | Reached XP level 5. HP: 39/47 MP: 4/4
  1594 | D:4      | Noticed Natasha
  1597 | D:4      | Killed Natasha
  1616 | D:4      | Killed Duvessa
  1616 | D:4      | Reached skill level 5 in Fighting
  1616 | D:4      | Reached XP level 6. HP: 34/56 MP: 5/5
  1782 | D:4      | Noticed Grinder
  1789 | D:4      | Killed Grinder
  1789 | D:4      | Reached skill level 5 in Axes
  1789 | D:4      | Reached XP level 7. HP: 28/62 MP: 6/6
  1994 | D:4      | Found an ancient bone altar of Kikubaaqudgha.
  2067 | D:4      | Noticed Edmund
  2073 | D:4      | Killed Edmund
  2145 | D:4      | Found Vurphaagu's Food Boutique.
  2145 | D:4      | Noticed a hungry ghost
  2157 | D:4      | Killed a hungry ghost
  2182 | D:4      | Reached skill level 6 in Axes
  2182 | D:4      | Reached XP level 8. HP: 70/70 MP: 7/7
  2324 | D:4      | Noticed Natasha
  2326 | D:4      | Killed Natasha
  2333 | D:5      | Entered Level 5 of the Dungeon
  2620 | D:5      | Found a staircase to the Ecumenical Temple.
  2627 | Temple   | Entered the Ecumenical Temple
  2672 | Temple   | Became a worshipper of Warmaster Okawaru
  3108 | D:5      | Reached skill level 7 in Axes
  3114 | D:5      | Reached * piety under Okawaru
  3392 | D:5      | Noticed Crazy Yiuf
  3397 | D:5      | Killed Crazy Yiuf
  3800 | D:6      | Reached XP level 9. HP: 65/79 MP: 8/8
  3921 | D:6      | Reached skill level 8 in Axes
  3921 | D:6      | Reached skill level 1 in Stealth
  3970 | D:6      | Found a deep blue altar of Sif Muna.
  4269 | D:6      | Reached skill level 5 in Dodging
  4500 | D:6      | Reached ** piety under Okawaru
  4641 | D:7      | Got a shimmering jade ring
  4888 | D:7      | Found a blossoming altar of Fedhas.
  4924 | D:7      | Reached skill level 9 in Axes
  4928 | D:7      | Identified the ring of Bedetiod {Ice +Inv} (You found it on level 7 of the Dungeon)
  5942 | D:8      | Reached *** piety under Okawaru
  5942 | D:8      | Reached skill level 1 in Invocations
  5948 | D:8      | Reached XP level 10. HP: 42/90 MP: 9/9
  5983 | D:8      | Gained mutation: Scrolls take you a little longer to read. [mutagenic meat]
  5984 | D:8      | Gained mutation: Your spells are a little harder to cast, but a little more powerful. [mutagenic meat]
  5985 | D:8      | Gained mutation: You have a pair of large horns on your head. [mutagenic meat]
  5986 | D:8      | Gained mutation: You are frail (-10% HP). [mutagenic meat]
  5987 | D:8      | Gained mutation: Your magical capacity is low (-10% MP). [mutagenic meat]
  5988 | D:8      | Gained mutation: Your mind is acute. (Int +2) [mutagenic meat]
  6021 | D:8      | Found Safaox's Armour Shop.
  6131 | D:8      | Found a bloodstained altar of Trog.
  6612 | D:8      | Found an opulent altar of Gozag.
  6630 | D:8      | Found a snail-covered altar of Cheibriados.
  6717 | D:8      | Reached skill level 10 in Axes
  7111 | D:9      | Gained mutation: You are very frail (-20% HP). [mutagenic meat]
  7147 | D:9      | Noticed Erica
  7150 | D:9      | Reached **** piety under Okawaru
  7172 | D:9      | Killed Erica
  7446 | D:9      | Reached skill level 10 in Fighting
  7446 | D:9      | Reached skill level 11 in Axes
  7466 | D:9      | HP: 3/111 [yak (8)]
  7472 | D:9      | Reached ***** piety under Okawaru
  7472 | D:9      | Reached skill level 10 in Armour
  7472 | D:9      | Reached XP level 11. HP: 5/79 MP: 9/11
  7473 | D:9      | Slain by a crocodile

Skill      XL: |  1  2  3  4  5  6  7  8  9 10 |
---------------+-------------------------------+-----
Shields        | 4 |  4.4
Armour         | 4 5 6 7 8 9 10 | 10.0
Fighting       | 4 5 6 7 8 10 | 10.1
Dodging        | 1 2 3 4 6 8 |  8.1
Axes           | 4 5 6 7 9 11 | 11.0
Stealth        | 1 |  1.5
Invocations    | 1 4 |  4.1
Evocations     | |  0.6

Action                   |  1- 3 |  4- 6 |  7- 9 | 10-12 || total
-------------------------+-------+-------+-------+-------++-------
Melee: War axe           |    93 |    62 |   248 |       ||   403
       Headbutt          |    13 |    10 |    64 |    21 ||   108
       Battleaxe         |       |       |    83 |   126 ||   209
Invok: Heroism           |       |       |     1 |     2 ||     3
Evoke: Wand              |       |     1 |       |       ||     1
  Use: Scroll            |       |       |     9 |       ||     9
       Potion            |       |       |     4 |     7 ||    11
  Eat: Meat ration       |       |     1 |     3 |     1 ||     5
       Beef jerky        |       |     1 |       |       ||     1
       Chunk             |       |       |       |     7 ||     7
Armor: Scale mail        |    47 |    24 |   193 |    56 ||   320
       Skin              |       |       |       |    18 ||    18
Dodge: Dodged            |    34 |    43 |   230 |    96 ||   403
Block: Shield            |    49 |       |       |       ||    49
